 Dungeon Crawl Stone Soup version 0.31.0-11-ge490571c62 (webtiles) character file.

Game seed: 3148499441245472508

58 browni3141 the Trooper (level 4, -37/38 HPs)
             Began as a Barachi Monk on Feb 2, 2024.
             Killed by an exploding Menkaure (49 damage)
             ... ignited by their inner flame
             ... on level 5 of the Dungeon.
             The game lasted 00:04:06 (469 turns).

browni3141 the Trooper (Barachi Monk)                Turns: 469, Time: 00:04:07

Health: -37/38     AC:  3    Str: 12    XL:     4   Next: 1%
Magic:  4/4        EV: 13    Int: 12    God:
Gold:   67         SH:  0    Dex: 15    Spells: 3/3 levels left

rFire   . . .        a - +0 falchion
rCold   . . .        d - orb {light}
rNeg    . . .        b - +0 robe
rPois   .            (no helmet)
rElec   .            (no cloak)
rCorr   .            k - +0 pair of gloves
SInv    .            (no boots)
Will    .....        (no amulet)
Stlth   +            (no ring)
HPRegen 0.26/turn    (no ring)
MPRegen 0.09/turn

%: no passive effects
@: unable to hop, glowing, slow
A: amphibious, slowness 1, strong legs 1, +LOS
a: Hop


You were on level 5 of the Dungeon.
You visited 2 branches of the dungeon, and saw 6 of its levels.

You collected 67 gold pieces.

Inventory:

Hand Weapons
 a - a +0 falchion (weapon)
Armour
 b - a +0 robe (worn)
 d - an orb of light (worn)
 k - a +0 pair of gloves (worn)
Scrolls
 e - a scroll of immolation
 g - 2 scrolls of noise
 h - a scroll of blinking
 j - a scroll of revelation {unknown}
Potions
 f - a potion of cancellation {unknown}
 l - a potion of degeneration {unknown}


   Skills:
 + Level 4.4 Fighting
 + Level 4.4 Long Blades
 + Level 4.0 Dodging


You had 3 spell levels left.
You didn't know any spells.
Your spell library was empty.

Dungeon Overview and Level Annotations

Branches:
Dungeon (5/15)             Temple (1/1) D:4

Altars:
Cheibriados
Elyvilon
Fedhas
Gozag
Hepliaklqana
Makhleb
Nemelex Xobeh
Ru
Sif Muna
Xom
Zin
The Shining One
Lugonu

Annotations:
D:3 1 transporter


Innate Abilities, Weirdness & Mutations

You are amphibious.
You cover ground slowly.
You can hop short distances.
You have an extended range of vision and can be seen from far away.


Message History

The orc cheers noisily.
The kobold completely misses you.
You barely miss the kobold. The kobold closely misses you.
You hit the kobold but do no damage. The kobold barely misses you.
You hit the kobold.
You kill the kobold!
You slash the orc!
You kill the orc!
You hit the orc.
The orc is severely wounded.
The orc hits you with a +0 flail.
You slash the orc!
You kill the orc!
Your Dodging skill increases to level 4!
No target in view!
Items here: ( ))) †.
Things that are here:
a +0 hand axe; an orc corpse
There is a staircase to the Ecumenical Temple here.
You are ready to hop once more.
You climb downwards.
Welcome to the Ecumenical Temple!
Found a staircase back to the Dungeon.
There is a staircase back to the Dungeon here.
Unknown command.
You climb upwards.
Welcome back to the Dungeon!
There is a staircase to the Ecumenical Temple here.
Found a stone staircase leading down and a stone staircase leading up.
An endoplasm and a ball python come into view.
The endoplasm quivers.
The ball python hisses angrily.
There is a stone staircase leading up here.
You climb upwards.
Level annotation: 1 transporter
There is a stone staircase leading down here.
You climb downwards.
The endoplasm freezes you.
You are frozen.
There is a stone staircase leading up here.
You hit the endoplasm but do no damage. The ball python barely misses you.
The ball python grabs you. The ball python constricts you.
The endoplasm hits you but does no damage.
You closely miss the ball python. The ball python misses you.
The ball python constricts you. The endoplasm freezes you.
You are frozen.
You barely miss the ball python. The ball python completely misses you.
The ball python constricts you. The endoplasm barely misses you.
The ball python bites you but does no damage.
The ball python constricts you.
You slash the ball python!
You kill the ball python!
The endoplasm hits you but does no damage.
You hit the endoplasm.
The endoplasm is severely wounded.
The endoplasm hits you.
You hit the endoplasm.
You kill the endoplasm!
You have reached level 4!
You feel agile.
You see here a ball python corpse.
You see here 15 gold pieces.
You now have 67 gold pieces (gained 15).
An ice beast comes into view.
Found a white marble altar of Elyvilon.
You hit the ice beast.
The ice beast is moderately wounded.
The ice beast hits you. The ice beast freezes you!
You hit the ice beast.
The ice beast is moderately wounded.
The ice beast closely misses you. The ice beast completely misses you.
You hit the ice beast.
The ice beast is moderately wounded.
The ice beast hits you but does no damage.
You hit the ice beast but do no damage.
The ice beast is moderately wounded.
The ice beast hits you. The ice beast freezes you!
You hit the ice beast but do no damage.
The ice beast is moderately wounded.
The ice beast hits you. The ice beast freezes you!
Hop to where?
Press: ? - help, Dir - move target Boing!
There is a stone staircase leading up here.
There is a stone staircase leading down here.
You climb downwards.
There is a stone staircase leading up here.
Okay, then.
Found 6 stones.
Found a stone staircase leading down.
Found a shimmering blue altar of Sif Muna.
Menkaure, Prince of Dust comes into view.
Menkaure shouts!
As you read the scroll of immolation, it crumbles to dust.
The creatures around you are filled with an inner flame!
You hit Menkaure.
Flame seeps out of Menkaure.
Menkaure is lightly damaged.
Menkaure is engulfed in blazing flames.
Menkaure explodes!
The fiery explosion engulfs you!!!
Ouch! That really hurt!
You die...

#..# .#
#..##.
##..#..
...#.#
#######.##.#
#.......##.#
#......#
#.#.#..#
#<##@#
###○§(#
#§§§..#
#.......#
....._.....
###.......#.#
##.....##.#
##...## #
##.##


There were no monsters in sight!

Vanquished Creatures
  Menkaure (D:5)
  An orc wizard (D:4)
  5 orcs (D:4)
  3 endoplasms
  A giant cockroach (D:2)
  3 goblins
  3 jackals (D:3)
  2 quokkas
  4 ball pythons
  A bat (D:2)
  2 kobolds
26 creatures vanquished.

Notes
Turn   | Place    | Note
-------+----------+-------------------------------------------
     0 | D:1      | browni3141 the Barachi Monk began the quest for the Orb.
     0 | D:1      | Reached XP level 1. HP: 18/18 MP: 1/1
   151 | D:3      | Found an opulent altar of Gozag.
   151 | D:3      | Found a transporter.
   159 | D:3      | Reached XP level 2. HP: 24/25 MP: 2/2
   182 | D:3      | Found a faded altar of an unknown god.
   251 | D:4      | Found a shimmering altar of Xom.
   280 | D:4      | Found a staircase to the Ecumenical Temple.
   280 | D:4      | Noticed a scorpion
   314 | D:4      | Reached XP level 3. HP: 12/31 MP: 3/3
   370 | Temple   | Entered the Ecumenical Temple
   415 | D:4      | Reached XP level 4. HP: 33/38 MP: 4/4
   438 | D:4      | Noticed an ice beast
   441 | D:4      | Found a white marble altar of Elyvilon.
   462 | D:5      | Entered Level 5 of the Dungeon
   465 | D:5      | Found a shimmering blue altar of Sif Muna.
   466 | D:5      | Noticed Menkaure
   469 | D:5      | Killed Menkaure
   469 | D:5      | Killed by an exploding Menkaure... ignited by their inner
                  | flame

Illustrated notes

Levels and vault maps discovered:
D:1:      wheals_arrival_linesprint, layout_basic, serial_shops, shop,
          minivault_27
D:2:      minmay_inner_zag, layout_basic, uniq_sigmund
D:3:      layout_rooms, mainiacjoe_overflow_catwalk,
          gammafunk_ghost_gnarly_gnolls, hellmonk_ecumenical_altar_heavens_door,
          hangedman_decor_growths, minmay_quadrilaterals,
          uniq_crazy_yiuf_cottage
D:4:      layout_basic, grunt_dithmenos_smoke, elyvilon_altar_5,
          xom_teletrap_fun, minmay_temple_entry_overgrown
D:5:      layout_basic, lemuel_round_altar, mainiacjoe_overflow_tiny_flanked,
          gammafunk_ghost_arena, kennysheep_flooded_box, uniq_menkaure,
          uniq_ijyb
Temple:   corrupted_temple

Skill      XL: |  1  2  3 |
---------------+----------+-----
Long Blades    | 4 |  4.4
Fighting       | 4 |  4.4
Dodging        | 4 |  4.0

Action                     |  1- 3 |  4- 6 || total
---------------------------+-------+-------++-------
  Melee: Falchion          |    66 |     6 ||    72
Ability: Hop               |     3 |     1 ||     4
    Use: Scroll            |     4 |     1 ||     5
         Potion            |     1 |       ||     1
 Armour: Robe              |    40 |     5 ||    45
  Dodge: Dodged            |    44 |     2 ||    46
